| TOP OF THE 1ST |
|
Louisville Stallions batting - Pitching for Columbus Jets : RHP Moose Haas
|
|
Pitching: RHP Moose Haas
|
|
|
Batting: SHB Harry Chappas
|
0-0: Ground out 4-3 (Groundball, 4, EV 90.0 MPH)
|
|
Batting: SHB Gerald DeSimone
|
0-0: Ball 1-0: Ground out 1-3 (Groundball, 15S, EV 61.3 MPH)
|
|
Batting: LHB Ted May
|
0-0: Ball 1-0: Ball 2-0: Called Strike 2-1: Ball 3-1: Base on Balls
|
|
Batting: RHB Tito Landrum
|
0-0: Ball 1-0: Swinging Strike 1-1: Foul Ball, location: 2F 1-2: Ball 2-2: Strikes out swinging
|
| Top of the 1st over - 0 runs, 0 hits, 0 errors, 1 left on base; Louisville 0 - Columbus 0 |
| BOTTOM OF THE 1ST |
|
Columbus Jets batting - Pitching for Louisville Stallions : RHP Sal Velazquez
|
|
Pitching: RHP Sal Velazquez
|
|
|
Batting: LHB Craig Brooks
|
0-0: Ball 1-0: Ball 2-0: Called Strike 2-1: Ball 3-1: DOUBLE (Line Drive, 5D, EV 94.4 MPH)
|
|
Batting: RHB Greg Schultz
|
0-0: Called Strike Craig Brooks is caught stealing 3rd base 2-5 0-1: Ball 1-1: Foul Ball, location: 2F 1-2: Ball 2-2: Ball 3-2: Foul Ball, location: 2F 3-2: Base on Balls
|
|
Batting: RHB Danny Tartabull
|
0-0: Called Strike 0-1: SINGLE (Line Drive, 89S, EV 97.5 MPH) Greg Schultz to second Runner from 2nd tries for 3rd, SAFE, no throw by RF
|
|
Batting: LHB Larry Sheets
|
0-0: Called Strike Danny Tartabull steals 2nd base 0-1: Foul Ball, location: 2F 0-2: Ground out 6-3 (Groundball, 6, EV 87.5 MPH) Greg Schultz scores Danny Tartabull to third
|
|
Batting: RHB Jim Maler
|
0-0: Swinging Strike 0-1: Foul Ball, location: 2F 0-2: Ball 1-2: Strikes out looking
|
| Bottom of the 1st over - 1 run, 2 hits, 0 errors, 1 left on base; Louisville 0 - Columbus 1 |
| TOP OF THE 2ND |
|
Louisville Stallions batting - Pitching for Columbus Jets : RHP Moose Haas
|
|
Batting: SHB Orestes Destrade
|
0-0: Ball 1-0: Called Strike 1-1: Swinging Strike 1-2: Strikes out swinging
|
|
Batting: LHB Lawrence Grahek
|
0-0: Foul Ball, location: 2F 0-1: Ball 1-1: Foul Ball, location: 2F 1-2: Ball 2-2: Fly out, F8 (Flyball, 8LM, EV 89.4 MPH)
|
|
Batting: RHB Kelly Heath
|
0-0: Ball 1-0: Ball 2-0: Swinging Strike 2-1: Fly out, F5 (Line Drive, 5, EV 70.0 MPH)
|
| Top of the 2nd over - 0 runs, 0 hits, 0 errors, 0 left on base; Louisville 0 - Columbus 1 |
| BOTTOM OF THE 2ND |
|
Columbus Jets batting - Pitching for Louisville Stallions : RHP Sal Velazquez
|
|
Batting: RHB Michael Ventress
|
0-0: SOLO HOME RUN (Flyball, 78XD, EV 91.3 MPH), Distance : 412 ft
|
|
Batting: RHB Glenn Goya
|
0-0: Ball 1-0: DOUBLE (Line Drive, 89D, EV 103.1 MPH)
|
|
Batting: RHB Ray Smith
|
0-0: Ball 1-0: Called Strike 1-1: Swinging Strike 1-2: Ground out 6-3 (Groundball, 56, EV 82.5 MPH)
|
|
Batting: RHB Jackie Gutierrez
|
0-0: Called Strike 0-1: Ball 1-1: Foul Ball, location: 2F 1-2: Ball 2-2: Strikes out swinging
|
|
Batting: LHB Craig Brooks
|
0-0: Called Strike 0-1: Ball 1-1: Fly out, F7 (Flyball, 7LM, EV 95.0 MPH)
|
| Bottom of the 2nd over - 1 run, 2 hits, 0 errors, 1 left on base; Louisville 0 - Columbus 2 |
| TOP OF THE 3RD |
|
Louisville Stallions batting - Pitching for Columbus Jets : RHP Moose Haas
|
|
Batting: LHB Steven Mobberley
|
0-0: Reached on error, E6 (Groundball, 56, EV 102.5 MPH)
|
|
Batting: LHB Mauricio Gracia
|
0-0: Ball 1-0: Fielders Choice at 2nd, U6 (Groundball, 4M, EV 99.4 MPH)
|
|
Batting: SHB Harry Chappas
|
0-0: Called Strike 0-1: Ball 1-1: Foul Ball, location: 2F 1-2: SINGLE (Line Drive, 3D, EV 108.8 MPH) Mauricio Gracia to second Runner from 2nd tries for 3rd, SAFE, no throw by RF
|
|
Batting: SHB Gerald DeSimone
|
0-0: Ball 1-0: Ball 2-0: Fly out, F8 (Flyball, 8LD, EV 86.9 MPH) Runner from 3rd tags up, SCORES, throw by CF
|
|
Batting: LHB Ted May
|
0-0: Called Strike Harry Chappas steals 2nd base (no throw) 0-1: Swinging Strike 0-2: Foul Ball, location: 2F 0-2: Foul Ball, location: 2F 0-2: Ball 1-2: Fly out, F7 (Flyball, 7LS, EV 91.9 MPH)
|
| Top of the 3rd over - 1 run, 1 hit, 1 error, 1 left on base; Louisville 1 - Columbus 2 |
| BOTTOM OF THE 3RD |
|
Columbus Jets batting - Pitching for Louisville Stallions : RHP Sal Velazquez
|
|
Batting: RHB Greg Schultz
|
0-0: Called Strike 0-1: Foul Ball, location: 2F 0-2: Ball 1-2: Ground out 5-3 (Groundball, 56, EV 108.8 MPH)
|
|
Batting: RHB Danny Tartabull
|
0-0: Ball 1-0: Swinging Strike 1-1: SINGLE (Flyball, 56D, EV 88.8 MPH)
|
|
Batting: LHB Larry Sheets
|
0-0: Foul Ball, location: 2F 0-1: Ball 1-1: Ball 2-1: Called Strike 2-2: Grounds into double play, 6-4-3 (Groundball, 6, EV 88.1 MPH)
|
| Bottom of the 3rd over - 0 runs, 1 hit, 0 errors, 0 left on base; Louisville 1 - Columbus 2 |
| TOP OF THE 4TH |
|
Louisville Stallions batting - Pitching for Columbus Jets : RHP Moose Haas
|
|
Batting: RHB Tito Landrum
|
0-0: Foul Ball, location: 2F 0-1: Foul Ball, location: 2F 0-2: Ball 1-2: Foul Ball, location: 2F 1-2: Foul Ball, location: 2F 1-2: Foul Ball, location: 2F 1-2: Fly out, F1 (Popup, 13, EV 83.8 MPH)
|
|
Batting: SHB Orestes Destrade
|
0-0: Called Strike 0-1: Swinging Strike 0-2: Ball 1-2: Foul Ball, location: 2F 1-2: Foul Ball, location: 2F 1-2: Ball 2-2: SINGLE (Groundball, 4D, EV 108.1 MPH)
|
|
Batting: LHB Lawrence Grahek
|
0-0: Called Strike 0-1: Foul Ball, location: 2F 0-2: Ball 1-2: Ball 2-2: Ball Wild Pitch! Orestes Destrade to second 3-2: Base on Balls
|
|
Batting: RHB Kelly Heath
|
0-0: Ball 1-0: Ball 2-0: Called Strike 2-1: Fly out, F9 (Flyball, 9, EV 89.4 MPH)
|
|
Batting: LHB Steven Mobberley
|
0-0: Ball 1-0: Ball 2-0: DOUBLE (Line Drive, 9LM, EV 98.1 MPH) Orestes Destrade scores Lawrence Grahek to third Runner from 3rd tries for Home, SAFE, throw by RF to trailing runner, SAFE at third!
|
|
Batting: LHB Mauricio Gracia
|
0-0: Called Strike 0-1: Ball 1-1: Called Strike 1-2: Foul Ball, location: 2F 1-2: Fly out, F6 (Popup, 15, EV 81.3 MPH)
|
| Top of the 4th over - 2 runs, 2 hits, 0 errors, 1 left on base; Louisville 3 - Columbus 2 |
| BOTTOM OF THE 4TH |
|
Columbus Jets batting - Pitching for Louisville Stallions : RHP Sal Velazquez
|
|
Batting: RHB Jim Maler
|
0-0: Fly out, F9 (Flyball, 9LS, EV 75.6 MPH)
|
|
Batting: RHB Michael Ventress
|
0-0: Called Strike 0-1: Ball 1-1: Called Strike 1-2: Foul Ball, location: 2F 1-2: Ball 2-2: Ball 3-2: Ground out 6-3 (Groundball, 6, EV 86.3 MPH)
|
|
Batting: RHB Glenn Goya
|
0-0: Ball 1-0: Called Strike 1-1: Foul Ball, location: 2F 1-2: Foul Ball, location: 2F 1-2: Ground out 3-1 (Groundball, 34, EV 100.6 MPH)
|
| Bottom of the 4th over - 0 runs, 0 hits, 0 errors, 0 left on base; Louisville 3 - Columbus 2 |
| TOP OF THE 5TH |
|
Louisville Stallions batting - Pitching for Columbus Jets : RHP Moose Haas
|
|
Batting: SHB Harry Chappas
|
0-0: Ground out 6-3 (Groundball, 6M, EV 87.5 MPH)
|
|
Batting: SHB Gerald DeSimone
|
0-0: Ball 1-0: Ground out 4-3 (Groundball, 4S, EV 83.1 MPH)
|
|
Batting: LHB Ted May
|
0-0: Called Strike 0-1: Ball 1-1: Ball 2-1: Foul Ball, location: 2F 2-2: Ball 3-2: Foul Ball, location: 2F 3-2: Ground out U3 (Groundball, 34S, EV 76.3 MPH)
|
| Top of the 5th over - 0 runs, 0 hits, 0 errors, 0 left on base; Louisville 3 - Columbus 2 |
| BOTTOM OF THE 5TH |
|
Columbus Jets batting - Pitching for Louisville Stallions : RHP Sal Velazquez
|
|
Batting: RHB Ray Smith
|
0-0: Ball 1-0: SINGLE (Groundball, 6S, EV 70.6 MPH) (infield hit)
|
|
Batting: RHB Jackie Gutierrez
|
0-0: Ball 1-0: Sac Bunt to 25 - play at first, batter OUT! 5-4 Ray Smith to second
|
|
Batting: LHB Craig Brooks
|
0-0: Swinging Strike 0-1: Foul Ball, location: 2F 0-2: Strikes out swinging
|
|
Batting: RHB Greg Schultz
|
0-0: Ball 1-0: Foul Ball, location: 2F 1-1: Swinging Strike 1-2: SINGLE (Groundball, 56D, EV 96.3 MPH) Ray Smith to third Runner from 3rd tries for Home, SAFE, throw by LF to home
|
|
Now in LF: Gordy Hodgson
|
|
|
Batting: RHB Danny Tartabull
|
0-0: Ball 1-0: Called Strike 1-1: Ball 2-1: Foul Ball, location: 2F 2-2: Fly out, F7 (Flyball, 7D, EV 101.3 MPH)
|
| Bottom of the 5th over - 1 run, 2 hits, 0 errors, 1 left on base; Louisville 3 - Columbus 3 |
| TOP OF THE 6TH |
|
Louisville Stallions batting - Pitching for Columbus Jets : RHP Moose Haas
|
|
Batting: RHB Tito Landrum
|
0-0: Ground out 6-3 (Groundball, 6S, EV 79.4 MPH)
|
|
Batting: RHB Gordy Hodgson
|
0-0: Called Strike 0-1: Ball 1-1: Ball 2-1: Foul Ball, location: 2F 2-2: Ball 3-2: Strikes out swinging
|
|
Batting: LHB Lawrence Grahek
|
0-0: Ball 1-0: Swinging Strike 1-1: Foul Ball, location: 2F 1-2: Ground out U3 (Groundball, 3, EV 83.1 MPH)
|
| Top of the 6th over - 0 runs, 0 hits, 0 errors, 0 left on base; Louisville 3 - Columbus 3 |
| BOTTOM OF THE 6TH |
|
Columbus Jets batting - Pitching for Louisville Stallions : RHP Sal Velazquez
|
|
Batting: LHB Larry Sheets
|
0-0: Ball 1-0: Foul Ball, location: 2F 1-1: Fly out, F8 (Flyball, 8RM, EV 92.5 MPH)
|
|
Batting: RHB Jim Maler
|
0-0: Fly out, F8 (Flyball, 8RS, EV 81.3 MPH)
|
|
Batting: RHB Michael Ventress
|
0-0: Ball 1-0: Called Strike 1-1: Called Strike 1-2: SINGLE (Groundball, 56D, EV 93.8 MPH)
|
|
Batting: RHB Glenn Goya
|
0-0: Called Strike 0-1: Called Strike 0-2: Ground out 4-3 (Groundball, 4, EV 104.4 MPH)
|
| Bottom of the 6th over - 0 runs, 1 hit, 0 errors, 1 left on base; Louisville 3 - Columbus 3 |
| TOP OF THE 7TH |
|
Louisville Stallions batting - Pitching for Columbus Jets : RHP Moose Haas
|
|
Batting: RHB Kelly Heath
|
0-0: Ground out 6-3 (Groundball, 6, EV 78.1 MPH)
|
|
Batting: LHB Steven Mobberley
|
0-0: Called Strike 0-1: Ball 1-1: Ground out 6-3 (Groundball, 6, EV 78.1 MPH)
|
|
Batting: LHB Mauricio Gracia
|
0-0: SINGLE (Line Drive, 9LM, EV 108.1 MPH)
|
|
Batting: SHB Harry Chappas
|
0-0: Ball 1-0: Called Strike Mauricio Gracia steals 2nd base 1-1: Fly out, F7 (Flyball, 78S, EV 80.0 MPH)
|
| Top of the 7th over - 0 runs, 1 hit, 0 errors, 1 left on base; Louisville 3 - Columbus 3 |
| BOTTOM OF THE 7TH |
|
Columbus Jets batting - Pitching for Louisville Stallions : RHP Sal Velazquez
|
|
Batting: RHB Ray Smith
|
0-0: Ball 1-0: Swinging Strike 1-1: Ground out 6-3 (Groundball, 6, EV 85.0 MPH)
|
|
Batting: RHB Jackie Gutierrez
|
0-0: Called Strike 0-1: Ball 1-1: Hit by Pitch
|
|
Batting: LHB Craig Brooks
|
0-0: Foul Ball, location: 2F 0-1: Ball 1-1: Swinging Strike 1-2: 2-RUN HOME RUN (Flyball, 9D, EV 94.4 MPH), Distance : 376 ft
|
|
Pitching: RHP Al Gallegos
|
|
|
Batting: RHB Greg Schultz
|
0-0: Ball 1-0: Foul Ball, location: 2F 1-1: Ball 2-1: Called Strike 2-2: Ball 3-2: Base on Balls
|
|
Batting: RHB Danny Tartabull
|
0-0: Ball 1-0: Foul Ball, location: 2F 1-1: Foul Ball, location: 2F 1-2: Foul Ball, location: 2F 1-2: Ball 2-2: Ball Greg Schultz steals 2nd base 3-2: Ground out 1-3 (Groundball, P, EV 68.1 MPH) Greg Schultz to third
|
|
Batting: LHB Larry Sheets
|
0-0: Ball Wild Pitch! Greg Schultz scores 1-0: Ball 2-0: Swinging Strike 2-1: Ground out 5-3 (Groundball, 5, EV 82.5 MPH)
|
| Bottom of the 7th over - 3 runs, 1 hit, 0 errors, 0 left on base; Louisville 3 - Columbus 6 |
| TOP OF THE 8TH |
|
Louisville Stallions batting - Pitching for Columbus Jets : RHP Moose Haas
|
|
Now at 2B: Enrique Collado
|
|
|
Now at 3B: Paul Gbur
|
|
|
Batting: SHB Gerald DeSimone
|
0-0: Foul Ball, location: 2F 0-1: Ground out 4-3 (Groundball, 4, EV 101.9 MPH)
|
|
Batting: LHB Ted May
|
0-0: Called Strike 0-1: SOLO HOME RUN (Flyball, 9D, EV 101.3 MPH), Distance : 356 ft
|
|
Batting: RHB Tito Landrum
|
0-0: Ground out 6-3 (Groundball, 6, EV 98.1 MPH)
|
|
Batting: RHB Gordy Hodgson
|
0-0: Ball 1-0: Ball 2-0: Foul Ball, location: 2F 2-1: Fly out, F8 (Flyball, 8LD, EV 101.3 MPH)
|
| Top of the 8th over - 1 run, 1 hit, 0 errors, 0 left on base; Louisville 4 - Columbus 6 |
| BOTTOM OF THE 8TH |
|
Columbus Jets batting - Pitching for Louisville Stallions : RHP Al Gallegos
|
|
Batting: RHB Jim Maler
|
0-0: Ball 1-0: Foul Ball, location: 2F 1-1: Fly out, F3 (Popup, 34, EV 76.3 MPH)
|
|
Batting: RHB Michael Ventress
|
0-0: Ball 1-0: Ball 2-0: Fly out, F9 (Flyball, 9D, EV 107.5 MPH)
|
|
Batting: RHB Glenn Goya
|
0-0: Ball 1-0: Foul Ball, location: 2F 1-1: Ball 2-1: Ball 3-1: Foul Ball, location: 2F 3-2: Foul Ball, location: 2F 3-2: Ground out 6-3 (Groundball, 6S, EV 75.0 MPH)
|
| Bottom of the 8th over - 0 runs, 0 hits, 0 errors, 0 left on base; Louisville 4 - Columbus 6 |
| TOP OF THE 9TH |
|
Louisville Stallions batting - Pitching for Columbus Jets : RHP Moose Haas
|
|
Pitching: RHP Owen Foley
|
|
|
Now in RF: Dave Bialas
|
|
|
Batting: LHB Lawrence Grahek
|
0-0: Ball 1-0: Swinging Strike 1-1: Ball 2-1: SINGLE (Line Drive, 8LS, EV 92.5 MPH)
|
|
Batting: RHB Kelly Heath
|
0-0: Ball 1-0: DOUBLE (Line Drive, 7LM, EV 101.9 MPH) Lawrence Grahek to third
|
|
Batting: LHB Steven Mobberley
|
0-0: Foul Ball, location: 2F 0-1: Swinging Strike 0-2: Ball 1-2: Ball 2-2: Foul Ball, location: 2F 2-2: Ground out U3 (Groundball, 3L, EV 86.3 MPH)
|
|
Batting: LHB Mauricio Gracia
|
0-0: Called Strike 0-1: Swinging Strike 0-2: Foul Ball, location: 2F 0-2: Strikes out swinging
|
|
Batting: SHB Harry Chappas
|
0-0: Ball 1-0: Ball 2-0: Ball 3-0: Called Strike 3-1: Base on Balls
|
|
Batting: SHB Gerald DeSimone
|
0-0: Called Strike 0-1: Foul Ball, location: 2F 0-2: Strikes out swinging
|
| Top of the 9th over - 0 runs, 2 hits, 0 errors, 3 left on base; Louisville 4 - Columbus 6 |
|